 Dungeon Crawl Stone Soup version 0.28-a0-1002-gf00fe891ef (webtiles) character file.

Game seed: 15128547399152154660

7229 Armakuni the Destroyer (level 11, 0/74 HPs)
             Began as a Human Conjurer on Dec 6, 2021.
             Was a Believer of Vehumet.
             Slain by a wolf (9 damage)
             ... in a Gauntlet.
             The game lasted 00:30:15 (13838 turns).

Armakuni the Destroyer (Human Conjurer)            Turns: 13838, Time: 00:30:15

Health: 0/74       AC:  8    Str: 11    XL:     11   Next: 33%
Magic:  25/25      EV: 12    Int: 20    God:    Vehumet [**....]
Gold:   177        SH:  4    Dex: 11    Spells: 20/30 levels left

rFire   . . .      SeeInvis +   b - +0 short sword (venom)
rCold   . . .      Faith    .   i - +0 buckler
rNeg    . . .      Spirit   .   l - +0 leather armour
rPois   .          Reflect  .   y - +1 helmet
rElec   .          Harm     .   (no cloak)
rCorr   .          Rampage  .   h - +2 pair of gloves
Will    .....      NoTele   +   (no boots)
Stlth   ++........              R - amulet of regeneration
HPRegen 1.02/turn               I - ring of see invisible
MPRegen 0.19/turn               (no ring)

@: on berserk cooldown, slowed, very slow
A: no striking features
a: Renounce Religion


You were in a Gauntlet.
You worshipped Vehumet.
Vehumet was pleased with you.
You visited 3 branches of the dungeon, and saw 11 of its levels.
You also visited: Ossuary and Gauntlet.

You collected 537 gold pieces.
You spent 360 gold pieces at shops.

Inventory:

Hand Weapons
 a - a +0 quarterstaff of flaming
 b - a +0 short sword of venom (weapon)
Missiles
 x - 2 curare-tipped darts
Armour
 e - a +0 ring mail
 h - a +2 pair of gloves (worn)
 i - a +0 buckler (worn)
 l - a +0 leather armour (worn)
 y - a +1 helmet (worn)
Jewellery
 A - an amulet of the acrobat
 H - an amulet of reflection
 I - a ring of see invisible (left hand)
 R - an amulet of regeneration (around neck)
 S - the ring "Kyphujao" {Fire rPois Slay+6}
   (You acquired it on level 6 of the Dungeon)

   [ring of fire]

   It enhances your fire magic.
   Slay:      It affects your accuracy & damage with ranged weapons and melee
   (+6).
   rF:        It protects you from fire.
   rC:        It makes you vulnerable to cold.
   rPois:     It protects you from poison.
Wands
 k - a wand of digging (7)
 C - a wand of polymorph (4)
Scrolls
 c - 4 scrolls of fear
 g - 4 scrolls of amnesia
 n - 2 scrolls of teleportation
 o - a scroll of enchant armour
 p - a scroll of vulnerability
 u - a scroll of blinking
Potions
 d - a potion of curing
 f - 3 potions of flight
 j - a potion of haste
 m - 3 potions of heal wounds
 q - 3 potions of mutation
 r - 2 potions of brilliance
 s - a potion of might
 t - a potion of berserk rage
 B - a potion of ambrosia {unknown}


   Skills:
 + Level 2.7 Fighting
 + Level 2.6 Staves
 + Level 2.7 Armour
 + Level 3.5 Dodging
 - Level 2.0 Stealth
 - Level 4.0 Shields
 - Level 10.0 Spellcasting
 - Level 10.0 Conjurations
 - Level 4.0 Translocations
 - Level 4.0 Fire Magic


You had 20 spell levels left.
You knew the following spells:

 Your Spells              Type           Power      Damage    Failure   Level
m - Iskenderun's Mystic   Conj/Tloc      38%        2d9       4%          4
s - Sticky Flame          Conj/Fire      38%        2d6       4%          4
z - Searing Ray           Conj           100%       2d8       1%          2

Your spell library contained the following spells:

 Spells                   Type           Power      Damage    Failure   Level
 Mephitic Cloud           Conj/Pois/Air  23%        N/A       7%          3
 Magic Dart               Conj           100%       1d8       1%          1
 Conjure Flame            Conj/Fire      38%        6-21      1%          3
 Dazzling Flash           Conj/Hex       60%        N/A       3%          3
 Fulminant Prism          Conj/Hex       15%        3d11      11%         4
 Ignite Poison            Fire/Tmut/Pois 15%        N/A       16%         3


Dungeon Overview and Level Annotations

Branches:
Dungeon (9/15)             Temple (1/1) D:6            Lair (1/6) D:9
Ossuary (visited)         Gauntlet (1/1)
    Orc: D:9-12

Altars:
Ashenzari
Cheibriados
Dithmenos
Elyvilon
Fedhas
Gozag
Hepliaklqana
Kikubaaqudgha
Makhleb
Nemelex Xobeh
Okawaru
Qazlal
Ru
Sif Muna
Trog
Vehumet
Wu Jian
Xom
Yredelemnul
The Shining One

Shops:
D:3 =   D:4 =   D:6 *   D:7 *   D:9 (*

Annotations:
D:4 2 transporters, Athor's ghost, amateur DDFi Gauntlet 13 transporters, 14 runed translucent doors


Message History

The moth of wrath is severely wounded.
The wolf bites you but does no damage. You block the wolf's attack. x2
The moth of wrath bites you!! The wolf bites you but does no damage.
The wolf closely misses you.
You puncture the moth of wrath!
The moth of wrath is poisoned.
The moth of wrath is almost dead.
The moth of wrath burns!
You kill the moth of wrath!
Vehumet accepts your kill.
You feel your power returning. The wolf bites you but does no damage.
The wolf barely misses you.
Your life force feels restored.
You closely miss the wolf. You block the wolf's attack.
The wolf closely misses you. x2; The wolf bites you!
The wolf bites you.
You barely miss the wolf.
The wolf is lightly wounded.
The wolf bites you!
* * * LOW HITPOINT WARNING * * *
The wolf closely misses you. The wolf bites you.
* * * LOW HITPOINT WARNING * * *
The wolf barely misses you. The wolf completely misses you.
The wolf closely misses you. x2; The wolf bites you.
* * * LOW HITPOINT WARNING * * *
The wolf closely misses you.
You feel a strong urge to attack something.
The wolf bites you but does no damage.
The large door flies open with a bang!
You are no longer berserk.
You are exhausted.
You feel yourself slow down. The wolf closely misses you.
The wolf bites you but does no damage. The wolf closely misses you.
You block the wolf's attack. The wolf bites you.
* * * LOW HITPOINT WARNING * * *
The wolf bites you.
* * * LOW HITPOINT WARNING * * *
You block the wolf's attack. The wolf bites you.
* * * LOW HITPOINT WARNING * * *
The wolf rages.
The wolf bites you!
You die...

.......#.#........#####
.#######.#######....§§###
.#©...........©#....§§#8#
####################..###
..©?(..#≈#..=.©.[..#..#
##.##..#≈#..h......#..###
#...##.#≈#..#+++#..#..#8#
.....#4#≈#''#..h#++#..###
..©...5#8#..'.hh@..#..#
.....#5#≈#..'...h..#..###
#...##.#§#++#'#+#++#..#8#
##.##..#≈#..+...+..#..###
5......#≈#..+.©.+..#..#
####################..###
.#©...........©#......#8#
.#######.#######.....≈###
.......#.#........#####


You could see 5 wolves.

Vanquished Creatures
  A two-headed ogre (D:9)
  A moth of wrath (Gauntlet)
  An elephant (D:9)
  A shadow (D:9)
  8 yaks (D:9)
  3 wyverns (D:9)
  3 water moccasins
  3 ice beasts
  2 black bears (D:9)
  2 sky beasts
  A centaur (D:9)
  2 ogres
  2 kobold brigands
  3 bullfrogs
  3 elf zombies (Ossuary)
  A gnoll sergeant (D:9)
  2 scorpions
  A wyvern skeleton (D:6)
  11 wights
  2 howler monkeys
  10 centaur zombies
  A human zombie (Ossuary)
  2 hounds
  2 jellies
  5 orc priests
  Jessica (D:2)
  Natasha (thrice) (D:4)
  7 iguanas
  12 orc wizards
  A scorpion zombie (D:4)
  3 mummies (Ossuary)
  9 gnolls
  3 howler monkey zombies (D:9)
  A howler monkey skeleton (D:4)
  7 adders
  2 shadow imps
  An ufetubus (D:6)
  3 adder zombies (Ossuary)
  An adder skeleton (D:4)
  5 dart slugs
  3 worms
  34 orcs
  6 ball pythons
  5 endoplasms
  3 giant cockroaches
  2 gnoll zombies (Ossuary)
  9 hobgoblins
  17 kobolds
  7 quokkas
  4 bats
  3 frilled lizards
  6 goblins
  5 goblin zombies (Ossuary)
  A hobgoblin zombie (Ossuary)
  4 jackal zombies (Ossuary)
  5 kobold zombies (Ossuary)
  2 orc zombies (Ossuary)
  4 quokka zombies (Ossuary)
  11 rats
  6 rat zombies (Ossuary)
269 creatures vanquished.

Vanquished Creatures (others)
  A centaur zombie (D:9)
  20 demonic plants (Gauntlet)
  A fungus (D:9)
  A plant (D:9)
23 creatures vanquished.

Grand Total: 292 creatures vanquished

Notes
Turn   | Place    | Note
-------+----------+-------------------------------------------
     0 | D:1      | Armakuni the Human Conjurer began the quest for the Orb.
     0 | D:1      | Reached XP level 1. HP: 13/13 MP: 3/3
   228 | D:1      | Reached XP level 2. HP: 19/19 MP: 1/5
   426 | D:1      | Learned a level 2 spell: Searing Ray
   717 | D:1      | Reached XP level 3. HP: 19/24 MP: 2/6
  1302 | D:2      | Reached skill level 5 in Conjurations
  1521 | D:2      | Reached XP level 4. HP: 30/30 MP: 3/7
  1583 | D:2      | Found a basalt altar of Yredelemnul.
  1652 | D:2      | Noticed Jessica
  1657 | D:2      | Killed Jessica
  2460 | D:3      | Found an ancient bone altar of Kikubaaqudgha.
  2503 | D:3      | Reached XP level 5. HP: 35/35 MP: 4/8
  2651 | D:3      | Noticed a sky beast
  2675 | D:3      | Killed a sky beast
  2676 | D:3      | Reached XP level 6. HP: 29/41 MP: 3/9
  2814 | D:3      | Found a snail-covered altar of Cheibriados.
  3191 | D:3      | Found a faded altar of an unknown god.
  3603 | D:3      | Found Saot's Jewellery Boutique.
  4032 | D:4      | Found a hazy altar of Hepliaklqana.
  4550 | D:4      | Learned a level 4 spell: Iskenderun's Mystic Blast
  4589 | D:4      | Reached XP level 7. HP: 33/46 MP: 0/10
  4819 | D:4      | Found a transporter.
  4819 | D:4      | Noticed Athor's ghost (amateur DDFi)
  4820 | D:4      | Found a transporter.
  5065 | D:4      | Found Gitoegirgh's Jewellery Boutique.
  5102 | D:4      | Noticed Natasha
  5108 | D:4      | Killed Natasha
  5545 | D:4      | Noticed Natasha
  5549 | D:4      | Killed Natasha
  5655 | D:5      | Entered Level 5 of the Dungeon
  5751 | D:5      | Noticed a water moccasin
  5764 | D:5      | Killed a water moccasin
  5765 | D:5      | Reached XP level 8. HP: 38/52 MP: 2/11
  6139 | D:5      | Reached skill level 10 in Conjurations
  6166 | D:5      | Found a sand-covered staircase.
  6171 | Ossuary  | Entered an ossuary
  6257 | Ossuary  | Reached skill level 1 in Shields
  7606 | D:5      | Reached XP level 9. HP: 52/57 MP: 7/13
  8508 | D:6      | Found Ibeqott's Overcharged Wands.
  8522 | D:6      | Found a broken altar of Ashenzari.
  8649 | D:6      | Reached skill level 5 in Spellcasting
  8727 | D:6      | Identified a scroll of acquirement
  8727 | D:6      | Acquired the ring "Kyphujao" {Fire rPois Slay+6}
  8964 | D:6      | Found a staircase to the Ecumenical Temple.
  8971 | Temple   | Entered the Ecumenical Temple
  8998 | Temple   | Became a worshipper of Vehumet
  9222 | D:7      | Learned a level 4 spell: Sticky Flame
  9242 | D:7      | Reached skill level 1 in Fire Magic
  9347 | D:7      | Found Rezxalih's General Store.
  9955 | D:3      | Bought an amulet of regeneration for 360 gold pieces
 10002 | D:4      | Noticed Natasha
 10005 | D:4      | Killed Natasha
 10677 | D:8      | Reached * piety under Vehumet
 10677 | D:8      | Offered knowledge of Foxfire by Vehumet.
 10921 | D:8      | Reached skill level 1 in Translocations
 11111 | D:8      | Found a glowing golden altar of the Shining One.
 11323 | D:8      | Reached XP level 10. HP: 57/62 MP: 19/19
 11382 | D:8      | Found a white marble altar of Elyvilon.
 11383 | D:8      | Found a sparkling altar of Nemelex Xobeh.
 11406 | D:8      | Found an ornate altar of the Wu Jian Council.
 11970 | D:9      | Found a staircase to the Lair.
 11970 | D:9      | Noticed an elephant
 12013 | D:9      | Killed an elephant
 12131 | D:9      | Found a shimmering altar of Xom.
 12131 | D:9      | Noticed a two-headed ogre
 12140 | D:9      | Reached ** piety under Vehumet
 12144 | D:9      | Offered knowledge of Shock by Vehumet.
 12156 | D:9      | Killed a two-headed ogre
 12268 | D:9      | Reached XP level 11. HP: 64/68 MP: 19/24
 12311 | D:9      | Reached skill level 10 in Spellcasting
 12439 | D:9      | Reached skill level 1 in Fighting
 12439 | D:9      | Reached skill level 1 in Staves
 12439 | D:9      | Reached skill level 1 in Armour
 12564 | D:9      | Found Qorav's Antique Weapon Emporium.
 12577 | D:9      | Found a basalt altar of Yredelemnul.
 12934 | D:9      | Found Apyfy's Serpentskin Sales.
 12941 | D:9      | Offered knowledge of Mephitic Cloud by Vehumet.
 13211 | D:9      | Found a burning altar of Makhleb.
 13412 | Lair:1   | Entered Level 1 of the Lair of Beasts
 13420 | Lair:1   | Found a gate leading to a gauntlet.
 13430 | Gauntlet | Entered a Gauntlet
 13430 | Gauntlet | Found a transporter.
 13430 | Gauntlet | Found a transporter.
 13434 | Gauntlet | Found a transporter.
 13434 | Gauntlet | Found a transporter.
 13447 | Gauntlet | Found a large runed translucent door.
 13456 | Gauntlet | Found a transporter.
 13466 | Gauntlet | Found a transporter.
 13466 | Gauntlet | Found a transporter.
 13468 | Gauntlet | Noticed a blizzard demon
 13490 | Gauntlet | Found a transporter.
 13497 | Gauntlet | Found a transporter.
 13509 | Gauntlet | Found a transporter.
 13511 | Gauntlet | Noticed a quicksilver ooze
 13522 | Gauntlet | Noticed a catoblepas
 13529 | Gauntlet | Found a transporter.
 13553 | Gauntlet | Found a transporter.
 13562 | Gauntlet | Found a transporter.
 13564 | Gauntlet | Found a large runed translucent door.
 13564 | Gauntlet | Found a large runed translucent door.
 13565 | Gauntlet | Found a large runed translucent door.
 13565 | Gauntlet | Found a large runed translucent door.
 13566 | Gauntlet | Found a runed translucent door.
 13566 | Gauntlet | Found a large runed translucent door.
 13566 | Gauntlet | Found a runed translucent door.
 13566 | Gauntlet | Found a large runed translucent door.
 13566 | Gauntlet | Found a large runed translucent door.
 13567 | Gauntlet | Found a large runed translucent door.
 13567 | Gauntlet | Found a large runed translucent door.
 13570 | Gauntlet | Found a large runed translucent door.
 13570 | Gauntlet | Found a large runed translucent door.
 13572 | Gauntlet | Found a large runed translucent door.
 13572 | Gauntlet | Found a large runed translucent door.
 13572 | Gauntlet | Found a large runed translucent door.
 13574 | Gauntlet | Found a runed translucent gate.
 13574 | Gauntlet | Found a runed translucent gate.
 13574 | Gauntlet | Found a runed translucent gate.
 13576 | Gauntlet | Found a transporter.
 13577 | Gauntlet | Noticed a moth of wrath
 13587 | Gauntlet | Found a large runed translucent door.
 13676 | Gauntlet | Found a transporter.
 13683 | Gauntlet | Noticed a sixfirhy
 13690 | Gauntlet | Found a transporter.
 13832 | Gauntlet | Killed a moth of wrath
 13838 | Gauntlet | Slain by a wolf

Illustrated notes

Levels and vault maps discovered:
D:1:      arrival_zaba_pyramid, layout_basic
D:2:      layout_basic, basic_altar, kennysheep_generic_room_8, uniq_jessica
D:3:      layout_basic, kiku_gazebo_garden_becter, kennysheep_slug_shrine,
          shapermc_ecumenical_altar_acropolis, serial_shops,
          nicolae_shop_advertising_works [nicolae_subvault_shop_adworks]
D:4:      minmay_chambers_of_threes, layout_cave_pools,
          mainiacjoe_overflow_brackets, serial_shops, nicolae_shop_hallway_plus,
          gammafunk_ghost_smash, nrook_uturn, minmay_bisected, uniq_natasha
D:5:      layout_loops_cross, nicolae_ossuary_entry_plus
D:6:      layout_loops_cross, mainiacjoe_overflow_small_starburst,
          minmay_temple_entry_nine_rooms, nicolae_shop_overcharged_wands
D:7:      layout_basic, serial_shops, nicolae_diamond_shop
D:8:      layout_loops_ring, nicolae_overflow_hidden_temple,
          overflow_temple_1_default, general_overflow_altar,
          mainiacjoe_overflow_catwalk
D:9:      layout_basic, nicolae_yredelemnul_corpse_copse, marbit_many_paths,
          xom_confusion_cloud, david_lair_generic, serial_shops, shop,
          guppyfry_shop_venom
Temple:   jpeg_temple_island
Lair:1:   layout_regular_city, basic_altar, gauntlet_entry_generic,
          chequers_serial_rivers_micro_c, chequers_serial_rivers_small_3,
          uniq_maggie
Gauntlet: gammafunk_gauntlet_branching [gammafunk_gauntlet_arena_split_x,
          nicolae_gauntlet_swirl, minmay_gauntlet_arena_make_your_own_arena,
          gammafunk_gauntlet_arena_split_diamond,
          nicolae_gauntlet_arena_quarters, gammafunk_gauntlet_arena_hedges,
          gammafunk_gauntlet_arena_teeth, nicolae_gauntlet_arena_grate_2,
          gauntlet_exit_watery]

Skill      XL: |  1  2  3  4  5  6  7  8  9 10 11 |
---------------+----------------------------------+-----
Conjurations   | 5 6 7 9 10 | 10.0
Shields        | 4 |  4.0
Spellcasting   | 3 6 9 10 | 10.0
Fire Magic     | 4 |  4.0
Translocations | 2 4 |  4.0
Fighting       | 2 |  2.7
Staves         | 2 |  2.6
Armour         | 2 |  2.7
Dodging        | 3 |  3.5
Stealth        | |  2.0

Action                   |  1- 3 |  4- 6 |  7- 9 | 10-12 || total
-------------------------+-------+-------+-------+-------++-------
Melee: Quarterstaff      |     8 |     5 |       |       ||    13
       Short sword       |       |    45 |    78 |    63 ||   186
Throw: Dart              |       |       |     1 |       ||     1
 Cast: Magic Dart        |    28 |       |       |       ||    28
       Searing Ray       |    15 |    43 |   100 |    27 ||   185
       Iskenderun's Myst |       |       |     2 |     8 ||    10
       Sticky Flame      |       |       |     1 |    22 ||    23
Evoke: Wand              |       |       |       |     1 ||     1
  Use: Scroll            |     3 |     6 |     6 |     6 ||    21
       Potion            |       |       |       |     1 ||     1
 Stab: Sleeping          |     1 |     2 |       |     2 ||     5
Armor: Robe              |     2 |     8 |    19 |       ||    29
       Leather armour    |       |       |    24 |    53 ||    77
Dodge: Dodged            |    10 |    38 |    61 |    83 ||   192
Block: Other             |       |       |     1 |       ||     1
       Buckler           |       |       |    58 |    29 ||    87

Table legend: (Time is in decaauts)
 A = Elapsed time spent in this place.
 B = Non-inter-level travel time spent in this place.
 C = Inter-level travel time spent in this place.
 D = Time resting spent in this place.
 E = Time spent auto-exploring this place.
 F = Levels seen in this place.
 G = Mean time per level.
                   A        B        C        D        E       F      G
               +--------+--------+--------+--------+--------+-----+--------+
         Total |  13868 |  13242 |    626 |   3122 |   7681 |  13 | 1066.8 |
       Dungeon |  12287 |  11689 |    598 |   2549 |   7081 |   9 | 1365.2 |
        Temple |     62 |     34 |     28 |      0 |     21 |   1 |   62.0 |
          Lair |     17 |     17 |      0 |      0 |      0 |   1 |   17.0 |
       Ossuary |   1095 |   1095 |      0 |    561 |    317 |   1 | 1095.0 |
      Gauntlet |    404 |    404 |      0 |     12 |    262 |   1 |  404.0 |
               +--------+--------+--------+--------+--------+-----+--------+

Top non-repeatable levels by time:
     D:4: 1773 daAuts
     D:9: 1698 daAuts
     D:3: 1610 daAuts
     D:1: 1289 daAuts
     D:5: 1265 daAuts
     D:7: 1254 daAuts
     D:2: 1140 daAuts
     D:8: 1139 daAuts
     D:6: 1116 daAuts
 Ossuary: 1095 daAuts
Gauntlet: 404 daAuts
  Temple: 62 daAuts
  Lair:1: 17 daAuts
